 Dungeon Crawl Stone Soup version 0.30-a0-840-ga523dec638 (webtiles) character file.

Game seed: 15811053566041124799

511 cforsyth the Sneak (level 7, -12/44 HPs)
             Began as a Kobold Brigand on Mar 2, 2023.
             Mangled by an ogre
             ... wielding a +0 giant club
              (23 damage)
             ... on level 5 of the Dungeon.
             The game lasted 00:06:35 (4160 turns).

cforsyth the Sneak (Kobold Brigand)                 Turns: 4160, Time: 00:06:37

Health: -12/44     AC:  5    Str:  8    XL:     7   Next: 43%
Magic:  7/7        EV: 17    Int: 13    God:
Gold:   1672       SH:  0    Dex: 18    Spells: 6/6 levels left

rFire   . . .      SeeInvis .    a - +2 dagger (venom)
rCold   + . .      Faith    .    (no shield)
rNeg    . . .      Spirit   .    b - +0 robe
rPois   .          Reflect  .    (no helmet)
rElec   .          Harm     .    c - +1 cloak
rCorr   .          Rampage  .    (no gloves)
Will    .....                    o - +0 pair of boots
Stlth   +++++                    (no amulet)
HPRegen 0.27/turn                j - ring of protection from cold
MPRegen 0.10/turn                (no ring)

@: no status effects
A: small, no large weapons, nightstalker 3
a: no special abilities


You were on level 5 of the Dungeon.
You visited 1 branch of the dungeon, and saw 5 of its levels.
You also visited: Sewer.

You collected 1672 gold pieces.

Inventory:

Hand Weapons
 a - a +2 dagger of venom (weapon)
Missiles
 d - 20 poisoned darts (quivered)
 e - 4 curare-tipped darts
Armour
 b - a +0 robe (worn)
 c - a +1 cloak (worn)
 o - a +0 pair of boots (worn)
Jewellery
 j - a ring of protection from cold (left hand)
 p - a ring of see invisible
 q - the ring "Wefeddaa" {rPois rF- rC+ AC+4 Dex+5}
   (You found it on level 3 of the Dungeon)

   [ring of protection]

   AC:        It affects your AC (+4).
   Dex:       It affects your dexterity (+5).
   rF:        It makes you vulnerable to fire.
   rC:        It protects you from cold.
   rPois:     It protects you from poison.
 r - a +6 ring of strength
Scrolls
 f - a scroll of enchant armour
 i - a scroll of butterflies {unknown}
 k - 4 scrolls of identify
Potions
 g - 3 potions of curing
 h - 3 potions of mutation {unknown}
 l - 2 potions of heal wounds
 m - a potion of might {unknown}
 n - 2 potions of brilliance
 s - a potion of invisibility {unknown}


   Skills:
 + Level 4.4 Fighting
 + Level 5.5 Short Blades
 - Level 2.1 Throwing
 + Level 4.5 Dodging
 + Level 7.5 Stealth


You had 6 spell levels left.
You didn't know any spells.
Your spell library contained the following spells:

 Spells                   Type           Power      Damage    Failure   Level
 Cigotuvi's Dreadful Rot  Necr/Pois/Air  0%         N/A       43%         2
 Poisonous Vapours        Pois/Air       0%         N/A       43%         2
 Mephitic Cloud           Conj/Pois/Air  0%         N/A       67%         3


Dungeon Overview and Level Annotations

Branches:
Dungeon (5/15)              Sewer (visited)
 Temple: D:4-7

Altars:
Dithmenos
Wu Jian
Yredelemnul

Annotations:
D:5 Prince Ribbit


Innate Abilities, Weirdness & Mutations

You are small and have problems with some larger weapons.
You are completely attuned to the shadows.


Message History

Prince Ribbit catches a butterfly with his tongue.
You hit Prince Ribbit.
Prince Ribbit is poisoned.
Prince Ribbit is lightly wounded.
Prince Ribbit blinks!
You hit the ogre.
The ogre is lightly wounded.
The ogre closely misses you.
Prince Ribbit blinks!
You closely miss the ogre.
The ogre is lightly wounded.
You barely miss the ogre.
The ogre is lightly wounded.
The ogre barely misses you.
You hit the ogre.
The ogre is moderately wounded.
You hit the ogre but do no damage.
The ogre is poisoned.
The ogre is moderately wounded.
The ogre hits you with a +0 giant club!!
Ouch! That really hurt!
* * * LOW HITPOINT WARNING * * *
You hit the ogre but do no damage.
The ogre is moderately wounded.
Prince Ribbit lets out a mournful croak.
You hit the ogre.
The ogre looks as sick as possible!
The ogre is heavily wounded.
The ogre misses you. Prince Ribbit hits you.
* * * LOW HITPOINT WARNING * * *
Unknown command.
You feel much better. Prince Ribbit hits you!
Prince Ribbit catches a millipede with his tongue.
Prince Ribbit misses you. x2
Prince Ribbit hops awkwardly around.
Prince Ribbit attacks as you move away! Prince Ribbit hits you!
* * * LOW HITPOINT WARNING * * *
Prince Ribbit barely misses you. Prince Ribbit attacks as you move away!
Prince Ribbit misses you. The ogre attacks as you move away!
The ogre hits you with a +0 giant club!!
Ouch! That really hurt!
You die...

#.....# #.##.#.#
#.....# ###......#
#...<.###......###
###.......####.#
######..####.#
.....#..##).>#
#.##.##.#..##.#.#
#..........##.#.#
.......F@.......#
#......O......###
#.......#######
........#
###...### #...#
#...# #...#


You could see Prince Ribbit (poisoned) and an ogre (very poisoned).

Vanquished Creatures
  A black bear (D:3)
  A phantom (D:4)
  A kobold brigand (Sewer)
  A hound (D:4)
  An iguana (D:4)
  7 river rats
  3 adders
  3 worms
  5 dart slugs
  5 orcs (D:3)
  8 bats
  2 endoplasms
  2 giant cockroaches (D:2)
  8 goblins
  9 hobgoblins
  13 jackals
  A quokka (D:4)
  10 ball pythons
  7 frilled lizards
  16 kobolds
  16 rats
120 creatures vanquished.

Notes
Turn   | Place    | Note
-------+----------+-------------------------------------------
     0 | D:1      | cforsyth the Kobold Brigand began the quest for the Orb.
     0 | D:1      | Reached XP level 1. HP: 12/12 MP: 1/1
    72 | D:1      | Reached XP level 2. HP: 18/18 MP: 2/2
   429 | D:1      | Reached XP level 3. HP: 22/22 MP: 3/3
  1146 | D:2      | Reached XP level 4. HP: 27/27 MP: 4/4
  1356 | D:2      | Found a faded altar of an unknown god.
  1444 | D:2      | Reached skill level 6 in Stealth
  1710 | D:3      | Identified the ring "Wefeddaa" {rPois rF- rC+ AC+4 Dex+5}
  1851 | D:3      | Found a basalt altar of Yredelemnul.
  2381 | D:3      | Noticed a black bear
  2385 | D:3      | Killed a black bear
  2386 | D:3      | Reached XP level 5. HP: 32/32 MP: 5/5
  2659 | D:4      | Identified 2 scrolls of acquirement
  2659 | D:4      | Acquired 610 gold pieces
  2660 | D:4      | Acquired 867 gold pieces
  2675 | D:4      | Reached XP level 6. HP: 37/37 MP: 6/6
  2713 | D:4      | Found a shadowy altar of Dithmenos.
  2919 | D:4      | Found a glowing drain.
  2941 | Sewer    | Entered a sewer
  3014 | Sewer    | Reached skill level 7 in Stealth
  3120 | Sewer    | Reached skill level 5 in Short Blades
  3333 | Sewer    | Reached XP level 7. HP: 43/43 MP: 7/7
  3929 | D:4      | Found an ornate altar of the Wu Jian Council.
  4099 | D:5      | Entered Level 5 of the Dungeon
  4145 | D:5      | Noticed Prince Ribbit
  4160 | D:5      | Mangled by an ogre

Illustrated notes

Levels and vault maps discovered:
D:1:      wheals_arrival_shading, layout_loops_cross
D:2:      layout_loops_ring, chequers_ecumenical_altar_simple_redux
D:3:      layout_basic, lemuel_doored_altar
D:4:      layout_basic, nicolae_dithmenos_shadow_blocks,
          mainiacjoe_overflow_brackets, cheibrodos_sewer_entry_sluice
D:5:      layout_loops_cross, ashenzari_conservatory_becter, bloody_trog,
          mainiacjoe_overflow_boulevard, serial_shops,
          nicolae_shop_hallway_plus, uniq_edmund, uniq_prince_ribbit1

Skill      XL: |  1  2  3  4  5  6 |
---------------+-------------------+-----
Short Blades   | 3 4 5 |  5.5
Dodging        | 2 3 4 |  4.5
Stealth        | 6 7 |  7.5
Fighting       | 3 4 |  4.4
Throwing       | |  2.1

Action                     |  1- 3 |  4- 6 |  7- 9 || total
---------------------------+-------+-------+-------++-------
  Melee: Dagger            |   115 |   181 |    59 ||   355
         Punch             |     2 |     1 |     1 ||     4
    Use: Scroll            |       |    10 |       ||    10
         Potion            |       |       |     1 ||     1
   Stab: Sleeping          |    18 |    27 |     8 ||    53
         Distracted        |       |     2 |       ||     2
 Armour: Robe              |    23 |    21 |     5 ||    49
  Dodge: Dodged            |    91 |    95 |    42 ||   228

Table legend: (Time is in decaauts)
 A = Elapsed time spent in this place.
 B = Non-inter-level travel time spent in this place.
 C = Inter-level travel time spent in this place.
 D = Time resting spent in this place.
 E = Time spent auto-exploring this place.
 F = Levels seen in this place.
 G = Mean time per level.
                   A        B        C        D        E       F      G
               +--------+--------+--------+--------+--------+-----+--------+
         Total |   4111 |   4007 |    104 |    115 |   2945 |   6 |  685.2 |
       Dungeon |   3496 |   3392 |    104 |      9 |   2663 |   5 |  699.2 |
         Sewer |    614 |    614 |      0 |    106 |    282 |   1 |  614.0 |
               +--------+--------+--------+--------+--------+-----+--------+

Top non-repeatable levels by time:
     D:3: 956 daAuts
     D:1: 936 daAuts
     D:4: 811 daAuts
     D:2: 733 daAuts
   Sewer: 614 daAuts
     D:5: 58 daAuts
